 Dungeon Crawl Stone Soup version 0.28.0-53-g5a82cb258f (webtiles) character file.

Game seed: 4760679704262843853

69916 DocClef the Slayer (level 14, -22/158 HPs)
             Began as a Minotaur Berserker on July 5, 2022.
             Was a High Priest of Trog.
             Annihilated by an orc knight
             ... wielding a +0 great mace
              (50 damage)
             ... on level 2 of the Orcish Mines.
             The game lasted 00:31:01 (23778 turns).

DocClef the Slayer (Minotaur Berserker)            Turns: 23778, Time: 00:31:02

Health: -22/158    AC: 19    Str: 26    XL:     14   Next: 92%
Magic:  22/22      EV:  9    Int:  7    God:    Trog [*****.]
Gold:   1547       SH:  8    Dex: 24    Spells: 13/13 levels left

rFire   + + .      SeeInvis +   o - +14 obsidian axe {vorpal, Mesm Drain Fly SInv}
rCold   + . .      Faith    .   N - +3 buckler
rNeg    . . .      Spirit   .   Y - +4 chain mail {rF+}
rPois   .          Reflect  .   M - +0 hat of Satisfaction {Rampage Will+ Int+3 Dex+3}
rElec   .          Harm     .   Q - scarf {rC+ rF+}
rCorr   .          Rampage  +   w - +0 pair of gloves
Will    ++...                   H - +0 pair of boots
Stlth   ..........              (no amulet)
HPRegen 0.36/turn               c - ring "Saul" {MP+9 Dex+10}
MPRegen 0.18/turn               k - +4 ring of protection

@: flying, mesmerised
A: horns 2, retaliatory headbutt
a: Renounce Religion, Berserk, Trog's Hand, Brothers in Arms


You were on level 2 of the Orcish Mines.
You worshipped Trog.
Trog was extremely pleased with you.
You visited 3 branches of the dungeon, and saw 18 of its levels.
You also visited: Sewer, Bailey, Ice Cave and Volcano.

You collected 1820 gold pieces.
You spent 273 gold pieces at shops.

Inventory:

Hand Weapons
 o - the +14 obsidian axe (weapon) {vorpal, Mesm Drain Fly SInv}
   (You found it on level 3 of the Lair of Beasts)

   It inflicts extra damage upon your enemies.
   It occasionally summons demons to assist the wielder when it strikes in
   combat.
   Its wielder is mesmerised by any visible foes.
   It cannot be unequipped while any foes are visible.
   SInv:      It lets you see invisible.
   Fly:       It grants you flight.
   Drain:     It drains your maximum health when unequipped.
 D - a +4 battleaxe of freezing
 X - a +0 executioner's axe of flaming
Missiles
 m - 4 throwing nets (quivered)
Armour
 w - a +0 pair of gloves (worn)
 y - the +1 cloak "Syum" {+Inv Will+ Str+2}
   (You found it on level 3 of the Dungeon)

   Str:       It affects your strength (+2).
   +Inv:      It lets you turn invisible.
   Will:      It increases your willpower.
 H - a +0 pair of boots (worn)
 M - the +0 hat of Satisfaction (worn) {Rampage Will+ Int+3 Dex+3}
   (You acquired it in a bailey)

   Int:       It affects your intelligence (+3).
   Dex:       It affects your dexterity (+3).
   Rampage:   It bestows one free step when moving towards enemies.
   Will:      It increases your willpower.
 N - a +3 buckler (worn)
 Q - a scarf of resistance (worn)
 U - +0 ice dragon scales
 Y - a +4 chain mail of fire resistance (worn)
Jewellery
 c - the ring "Saul" (left hand) {MP+9 Dex+10}
   (You acquired it on level 3 of the Dungeon)

   [ring of magical power]

   Dex:       It affects your dexterity (+10).
   MP:        It affects your magic capacity (+9).
 g - an amulet of magic regeneration
 h - a ring of ice
 k - a +4 ring of protection (right hand)
 B - a ring of resist corrosion
 O - a +4 ring of evasion
 S - a ring of fire
Wands
 a - a wand of mindburst (12)
 b - a wand of digging (9)
 e - a wand of flame (18)
 z - a wand of iceblast (7)
 E - a wand of acid (12)
 I - a wand of polymorph (9)
Scrolls
 d - 9 scrolls of identify
 f - 10 scrolls of teleportation
 i - 4 scrolls of fog
 l - a scroll of fear
 p - 2 scrolls of blinking
 F - 2 scrolls of holy word
 P - 2 scrolls of magic mapping
 R - a scroll of enchant weapon
 T - 2 scrolls of vulnerability
Potions
 j - 3 potions of curing
 n - 3 potions of might
 q - 2 potions of berserk rage
 r - 5 potions of heal wounds
 s - 4 potions of flight
 t - 2 potions of magic
 u - 3 potions of mutation
 v - 4 potions of haste
 x - 2 potions of lignification
 A - a potion of attraction
 C - a potion of resistance
 G - 3 potions of invisibility
 K - 2 potions of cancellation {unknown}
 L - a potion of experience {unknown}
Miscellaneous
 V - a box of beasts


   Skills:
 + Level 23.8 Fighting
 - Level 20.0 Axes
 - Level 2.4 Armour
 - Level 2.1 Dodging


You had 13 spell levels left.
You didn't know any spells.
Your spell library was empty.

Dungeon Overview and Level Annotations

Branches:
Dungeon (10/15)            Temple (0/1) D:7            Lair (6/6) D:10
  Swamp (0/4) Lair:4       Spider (0/4) Lair:3        Slime (0/5) Lair:6
    Orc (2/2) D:10          Sewer (visited)          Bailey (visited)
  IceCv (visited)         Volcano (visited)
    Elf: Orc:2

Altars:
Ashenzari
Elyvilon
Hepliaklqana
Sif Muna
Vehumet
Xom
Zin
Jiyva

Shops:
D:5 [!*(   D:7 !   D:9 *   Orc:1 *   Orc:2 *!=


Innate Abilities, Weirdness & Mutations

You have a pair of horns on your head.
You reflexively headbutt those who attack you in melee.


Message History

The orc warriors go into a battle-frenzy!
The orc knight roars a battlecry!
The orc knight goes into a battle-frenzy!
Your soul eater misses the orc knight.
You hear a shout!
Things that are here:
a +0 longbow; 26 arrows; a centaur corpse Visions of slaying the orc flood into your mind.
The orc knight unwields a +0 great mace.
The orc knight wields a +0 arbalest.
The orc knight shoots a bolt.
The bolt completely misses you.
The orc knight unwields a +0 broad axe.
The orc knight wields a +0 arbalest.
The orc knight shoots a bolt.
The bolt hits your soul eater!!
Your soul eater dies!
Your soul eater disappears in a puff of smoke!
You hear a shout!
Blink to where?
Press: ? - help, Dir - move target You cannot blink away from the orc!
Blink to where?
Press: ? - help, Dir - move target You cannot blink away from the orc!
Blink to where?
Press: ? - help, Dir - move target 5 orc warriors and 2 orcs come into view.
Found three shops.
As you read the scroll of blinking, it crumbles to dust.
Visions of slaying the orc knight flood into your mind.
The orc warrior shouts! x2; The orc shouts!
The orc warrior shouts! x3
The orc shouts!
You hear a shout!
The orc no longer looks unusually strong.
The orc knight no longer looks unusually strong.
The orc knight roars a battlecry!
The orc goes into a battle-frenzy!
The orc warrior unwields a +0 arbalest.
The orc warrior wields a +0 glaive.
You block the orc warrior's attack.
A centaur comes into view.
The orc knight unwields a +0 arbalest.
The orc knight wields a +0 great mace.
The orc knight hits you with a +0 great mace!!!
You die...

..##..........≈≈
..#..........≈≈≈
#...........≈≈≈≈
#..#......≈≈≈≈# ∩#
#..#.....≈≈≈≈####.o.
#..........oooo.o.oc
#.......4)§ooooooooo
#. #...)3≈≈≈@##
#..#.)))3)§≈≈≈###
#......§....≈≈≈≈##
#..#..........≈≈≈#
#. ##.).)......≈≈#
...##..##..##...#
#................
##....^...........
########..##.#.


You could see 3 orc knights, 9 orc warriors, a centaur, 4 orcs, a friendly soul
eater (summoned), a friendly orange demon (summoned) and a friendly sixfirhy
(summoned).

Vanquished Creatures
  2 orc warlords (Orc:1)
  7 hydras
  A catoblepas (Lair:6)
  2 boulder beetles (Lair:3)
  A centaur warrior (Orc:2)
  A merfolk avatar (Lair:6)
  A two-headed ogre (Orc:1)
  An ironbound frostheart (IceCv)
  14 death yaks
  Sonja (Lair:6)
  4 sea snakes (Lair:6)
  Pikel (D:8)
  2 harpies (Lair:6)
  A deep elf pyromancer (D:10)
  A manticore (Lair:6)
  An orc sorcerer (Orc:1)
  An oklob plant (D:10)
  3 salamanders (Volcano)
  An ice statue (IceCv)
  3 black mambas
  9 elephants
  Maurice (D:10)
  A torpor snail (Lair:6)
  An unseen horror (D:9)
  9 cane toads
  11 komodo dragons
  3 rime drakes
  15 polar bears
  3 blink frogs (Lair:1)
  Grinder (D:3)
  A hornet (D:10)
  Prince Ribbit (D:6)
  A snapping turtle (Lair:6)
  Sigmund (D:3)
  A spriggan (Lair:6)
  13 wyverns
  5 fire bats (Volcano)
  A basilisk (Lair:1)
  28 yaks
  Eustachio (D:6)
  3 steam dragons
  6 wargs (Orc:1)
  3 swamp worms (Lair:4)
  8 water moccasins
  17 orc warriors
  2 sky beasts
  4 black bears
  A hornet zombie (D:8)
  11 ogres
  58 wolves
  8 centaurs
  4 lemures (D:8)
  A phantom (D:7)
  A kobold brigand (D:9)
  14 bullfrogs
  A scorpion (D:4)
  12 killer bees
  4 electric eels
  10 wights (D:8)
  6 howler monkeys
  2 jellies (D:7)
  A centaur zombie (D:7)
  4 hounds
  A gnoll shaman (Orc:1)
  9 orc priests
  4 centaur skeletons
  4 orc wizards (Orc:1)
  4 iguanas
  4 hell rats (Lair:5)
  A killer bee zombie (D:8)
  2 hound skeletons (D:5)
  2 howler monkey zombies
  14 gnolls
  A howler monkey skeleton (D:6)
  8 adders
  A river rat (Sewer)
  A white imp (D:6)
  An ufetubus (D:5)
  3 worms
  5 dart slugs
  37 orcs
  11 ball pythons
  7 endoplasms
  3 giant cockroaches
  14 goblins
  9 hobgoblins
  9 jackals
  3 quokkas
  5 bats
  7 frilled lizards
  20 kobolds
  14 rats
  A bush (Lair:6)
542 creatures vanquished.

Vanquished Creatures (collateral kills)
  2 orc warlords
  A fire dragon (Volcano)
  An ice dragon (Lair:4)
  A hydra (Lair:1)
  An ironbound frostheart (IceCv)
  A centaur warrior (Orc:2)
  2 two-headed ogres (Volcano)
  A komodo dragon (Volcano)
  A snapping turtle (Lair:6)
  3 fire bats (Volcano)
  2 yaks
  A water moccasin (Lair:6)
  5 orc warriors
  2 wolves (IceCv)
  An ogre (Volcano)
  An orc wizard (Orc:1)
  3 orcs
  A plant (Volcano)
30 creatures vanquished.

Vanquished Creatures (others)
  A kobold (D:9)
  30 fungi
  146 plants
177 creatures vanquished.

Grand Total: 749 creatures vanquished

Notes
Turn   | Place    | Note
-------+----------+-------------------------------------------
     0 | D:1      | DocClef the Minotaur Berserker began the quest for the Orb.
     0 | D:1      | Reached XP level 1. HP: 19/19 MP: 0/0
   460 | D:1      | Reached XP level 2. HP: 26/26 MP: 1/1
   466 | D:1      | Found a faded altar of an unknown god.
  1128 | D:2      | Reached skill level 5 in Axes
  1230 | D:2      | Reached XP level 3. HP: 23/31 MP: 2/2
  1429 | D:2      | Reached ** piety under Trog
  2120 | D:3      | Noticed Sigmund
  2131 | D:3      | Killed Sigmund
  2132 | D:3      | Reached XP level 4. HP: 27/39 MP: 3/3
  2132 | D:3      | Reached XP level 5. HP: 31/45 MP: 4/4
  2137 | D:3      | Identified a scroll of acquirement
  2137 | D:3      | Acquired the ring "Saul" {MP+9 Dex+10}
  2201 | D:3      | Noticed Grinder
  2216 | D:3      | Killed Grinder
  2217 | D:3      | Reached XP level 6. HP: 41/51 MP: 5/5
  2270 | D:3      | Found a glowing drain.
  2297 | Sewer    | Entered a sewer
  2992 | D:3      | Reached XP level 7. HP: 55/57 MP: 6/6
  3116 | D:3      | Identified the +1 cloak "Syum" {+Inv Will+ Str+2}
  3711 | D:4      | Reached skill level 10 in Axes
  4436 | D:4      | Reached *** piety under Trog
  4924 | D:4      | You fall into a shaft and drop 2 floors!
  4946 | D:6      | Noticed Prince Ribbit
  4956 | D:6      | Killed Prince Ribbit
  4957 | D:6      | Reached XP level 8. HP: 64/64 MP: 7/7
  4974 | D:6      | Noticed Eustachio
  4979 | D:5      | Entered Level 5 of the Dungeon
  5180 | D:5      | Found Zidysh's Antique Weapon Shop.
  5358 | D:5      | Found Gaczyvyf's Armour Shop.
  5421 | D:5      | Found Qeinad's Distillery.
  5475 | D:5      | Found Olyblyrph's Assorted Antiques.
  5947 | D:6      | Killed Eustachio
  5968 | D:5      | Bought a potion of degeneration for 11 gold pieces
  5968 | D:5      | Bought a potion of heal wounds for 55 gold pieces
  5968 | D:5      | Bought a potion of might for 44 gold pieces
  5968 | D:5      | Bought a potion of mutation for 88 gold pieces
  5968 | D:5      | Bought a potion of flight for 33 gold pieces
  6744 | D:7      | Found Xops's Distillery.
  6758 | D:7      | Bought a potion of lignification for 42 gold pieces
  6795 | D:7      | Reached XP level 9. HP: 70/70 MP: 8/8
  7186 | D:7      | Reached skill level 15 in Axes
  7473 | D:7      | Found a staircase to the Ecumenical Temple.
  7709 | D:8      | Reached **** piety under Trog
  7844 | D:8      | Reached skill level 4 in Fighting
  7890 | D:8      | Noticed Pikel
  7904 | D:8      | Killed Pikel
  7905 | D:8      | Reached skill level 6 in Fighting
  8007 | D:8      | Reached skill level 7 in Fighting
  8123 | D:8      | Reached XP level 10. HP: 55/84 MP: 9/9
  8255 | D:8      | Reached skill level 8 in Fighting
  9284 | D:9      | Found a broken altar of Ashenzari.
  9360 | D:9      | Found a flagged portal.
  9372 | Bailey   | Entered a bailey
  9377 | Bailey   | Noticed an orc warlord
  9465 | Bailey   | Found a runed translucent gate.
  9481 | Bailey   | Found a runed translucent gate.
  9483 | Bailey   | Found a runed translucent gate.
  9506 | Bailey   | Reached ***** piety under Trog
  9627 | Bailey   | Killed an orc warlord
  9679 | Bailey   | Acquired the +0 hat of Satisfaction {Rampage Will+ Int+3
                  | Dex+3}
  9751 | D:9      | Found a shimmering blue altar of Sif Muna.
  9751 | D:9      | Found a hazy altar of Hepliaklqana.
  9952 | D:9      | Found Ybueb's Demolitions Depot.
 10284 | D:10     | Entered Level 10 of the Dungeon
 10287 | D:10     | Noticed an oklob plant
 10292 | D:10     | Found a staircase to the Lair.
 10338 | D:10     | Paralysed by a hornet for 2 turns
 10422 | D:10     | Found a white marble altar of Elyvilon.
 10516 | D:10     | Noticed a deep elf pyromancer
 10522 | D:10     | Killed a deep elf pyromancer
 10626 | D:10     | Found a staircase to the Orcish Mines.
 10884 | D:10     | Noticed Maurice
 10895 | D:10     | Killed Maurice
 11020 | D:10     | Killed an oklob plant
 11021 | D:10     | Reached XP level 11. HP: 92/94 MP: 10/10
 11036 | Lair:1   | Entered Level 1 of the Lair of Beasts
 12224 | Lair:1   | Found a glowing silver altar of Zin.
 12228 | Lair:1   | Noticed an eight-headed hydra
 12237 | Lair:1   | Killed a nine-headed hydra
 12238 | Lair:1   | Reached skill level 9 in Fighting
 12619 | Lair:1   | Reached skill level 10 in Fighting
 13539 | Lair:2   | Noticed a death yak
 13539 | Lair:2   | Noticed a death yak
 13554 | Lair:2   | Killed a death yak
 13555 | Lair:2   | Reached skill level 11 in Fighting
 13615 | Lair:2   | Noticed a death yak
 13615 | Lair:2   | Noticed a death yak
 13616 | Lair:2   | Noticed a death yak
 13624 | Lair:2   | Killed a death yak
 13629 | Lair:2   | Killed a death yak
 13630 | Lair:2   | Reached skill level 12 in Fighting
 13630 | Lair:2   | Reached XP level 12. HP: 108/112 MP: 11/11
 13633 | Lair:2   | Killed a death yak
 13638 | Lair:2   | Killed a death yak
 13797 | Lair:2   | Reached skill level 13 in Fighting
 14639 | Lair:3   | Noticed a boulder beetle
 14721 | Lair:3   | Found a shimmering altar of Xom.
 14893 | Lair:3   | Found the +14 obsidian axe {vorpal, Mesm Drain Fly SInv}
 14894 | Lair:3   | Noticed a boulder beetle
 14900 | Lair:3   | Killed a boulder beetle
 14937 | Lair:3   | Killed a boulder beetle
 14938 | Lair:3   | Reached skill level 14 in Fighting
 15178 | Lair:3   | Noticed a seven-headed hydra
 15182 | Lair:3   | Killed a ten-headed hydra
 15544 | Lair:3   | Found a hole to the Spider Nest.
 16035 | Lair:4   | Found a frozen archway.
 16036 | Lair:4   | Noticed an ice dragon
 16038 | Lair:4   | Reached skill level 15 in Fighting
 16045 | Lair:4   | Killed an ice dragon
 16074 | IceCv    | Entered an ice cave
 16291 | IceCv    | Noticed a death yak
 16291 | IceCv    | Noticed a death yak
 16291 | IceCv    | Noticed a death yak
 16294 | IceCv    | Killed a death yak
 16295 | IceCv    | Reached skill level 16 in Fighting
 16298 | IceCv    | Killed a death yak
 16299 | IceCv    | Killed a death yak
 16691 | IceCv    | Reached skill level 17 in Fighting
 16691 | IceCv    | Reached XP level 13. HP: 120/132 MP: 12/12
 17014 | IceCv    | Reached skill level 18 in Fighting
 17015 | IceCv    | HP: 9/201 [ironbound frostheart (7)]
 18295 | Lair:4   | Found a staircase to the Swamp.
 18298 | Lair:4   | Received a gift from Trog
 18309 | Lair:4   | Reached skill level 19 in Fighting
 19096 | Lair:5   | You are sucked into a shaft and drop 1 floor!
 19096 | Lair:6   | Entered Level 6 of the Lair of Beasts
 19144 | Lair:6   | Reached skill level 20 in Fighting
 19156 | Lair:6   | Identified the +9 long sword of Ymikkeum {elec, Int+7}
 19159 | Lair:6   | Identified the +4 trident of a treasure trove {spect, rPois
                  | Str+4 Dex-5}
 19193 | Lair:6   | HP: 6/139 [manticore (10)]
 19223 | Lair:6   | Found a dark tunnel.
 19228 | Volcano  | Entered a volcano
 19881 | Volcano  | Reached XP level 14. HP: 101/149 MP: 13/13
 19911 | Volcano  | Reached skill level 21 in Fighting
 20206 | Lair:6   | Noticed Sonja
 20210 | Lair:6   | Killed Sonja
 20427 | Lair:6   | HP: 7/152 [poisoned by a sea snake]
 20432 | Lair:6   | HP: 4/152 [poisoned by a sea snake]
 20821 | Lair:6   | Reached skill level 22 in Fighting
 21184 | Lair:6   | Found a viscous altar of Jiyva.
 21184 | Lair:6   | Found a staircase to the Slime Pits.
 22576 | Lair:5   | Reached skill level 23 in Fighting
 22922 | Orc:1    | Entered Level 1 of the Orcish Mines
 22931 | Orc:1    | Noticed an orc warlord
 22941 | Orc:1    | Killed an orc warlord
 22989 | Orc:1    | Received a gift from Trog
 23049 | Orc:1    | Noticed an orc warlord
 23061 | Orc:1    | Killed an orc warlord
 23284 | Orc:1    | Noticed an orc warlord
 23297 | Orc:1    | Killed an orc warlord
 23608 | Orc:1    | Found a radiant altar of Vehumet.
 23637 | Orc:1    | Found Suasmeuw's Superlative Supplies.
 23753 | Orc:2    | Entered Level 2 of the Orcish Mines
 23778 | Orc:2    | Found Tam Dyes's Jewellery Emporium.
 23778 | Orc:2    | Found Iwisoar's Distillery.
 23778 | Orc:2    | Found Komasev's General Store.
 23778 | Orc:2    | Annihilated by an orc knight

Illustrated notes

Levels and vault maps discovered:
D:1:      kilobyte_arrival_exit_the_forest, layout_loops_ring,
          shapermc_ecumenical_altar_rom_forum, corner_web_ring,
          bh_walls_and_bars
D:2:      layout_basic, serial_bayou_pond_c, hangedman_decor_diamond_cutter,
          chequers_big_river, kennysheep_small_spiral, cheibrodos_gnoll_hut
D:3:      layout_basic, portal_sewer_entry_c, uniq_grinder, uniq_sigmund
D:4:      layout_layer_cave, serial_rivers, chequers_serial_rivers_room_b,
          chequers_serial_rivers_micro_e, chequers_serial_rivers_micro_b,
          chequers_serial_rivers_small_b, chequers_serial_rivers_micro_a
D:5:      layout_basic, serial_shops, kennysheep_mini_moat, shop,
          nicolae_take_the_stairs, shop
D:6:      layout_rooms, uniq_prince_ribbit1, uniq_eustachio
D:7:      layout_basic, minmay_temple_entry_gardened_gates, serial_shops,
          nicolae_shop_crystal, minivault_14
D:8:      layout_basic, uniq_pikel
D:9:      layout_long_grid, nicolae_ashenzari_panopticon,
          gammafunk_temple_overflow_elements, enter_bailey_3,
          nicolae_blasting_shop
D:10:     layout_gridville, elyvilon_altar_3, dpeg_oklobed_lair, david_orc_3,
          nicolae_twisting_strands, uniq_maurice
Lair:1:   layout_gridlike, basic_altar, grunt_forest_large_clearings,
          serial_bayou_shore_a, serial_bayou_shore_b,
          infiniplex_staircase_pool_2
Lair:2:   layout_roguey, chequers_serial_rivers_micro_b
Lair:3:   layout_loops_ring, spider_nest_entry_a, basic_altar
Lair:4:   layout_regular_city, minmay_swamp_entry_worms,
          portal_ice_cave_entry_animals_and_master
Lair:5:   layout_roguey, chequers_serial_rivers_micro_b, grunt_megastairs_5,
          lemuel_fruit_tree
Lair:6:   gammafunk_lair_ancient_temple, layout_gridlike, slime_altar_1,
          enter_volcano_1, grunt_forest_large_clearing_hut, uniq_sonja
Orc:1:    layout_caves, serial_shops, basic_altar, nicolae_alphabet_shops
Orc:2:    st_orc_rangers, layout_caves, serial_shops, nicolae_lakefront_shop,
          hellmonk_guarded_unrand_dark_maul

Skill      XL: |  1  2  3  4  5  6  7  8  9 10 11 12 13 14 |
---------------+-------------------------------------------+-----
Axes           | 4 5 7 9 11 14 15 18 20 | 20.0
Fighting       | 7 8 12 17 20 23 | 23.8
Armour         | |  2.4
Dodging        | |  2.1

Action                   |  1- 3 |  4- 6 |  7- 9 | 10-12 | 13-15 || total
-------------------------+-------+-------+-------+-------+-------++-------
Melee: Hand axe          |    77 |    76 |   330 |       |       ||   483
       Headbutt          |     8 |    11 |    71 |    65 |    95 ||   250
       Punch             |     1 |     1 |     2 |       |       ||     4
       Battleaxe         |       |       |       |   294 |       ||   294
       Broad axe         |       |       |       |    81 |   374 ||   455
Invok: Berserk           |     1 |     1 |       |     1 |     1 ||     4
       Trog's Hand       |     1 |     2 |       |     1 |     9 ||    13
       Brothers in Arms  |       |       |       |     2 |       ||     2
Evoke: Wand              |       |       |       |     1 |       ||     1
  Use: Scroll            |       |     5 |    12 |     5 |     3 ||    25
       Potion            |       |     2 |       |       |     6 ||     8
 Stab: Sleeping          |     1 |     1 |     7 |     1 |       ||    10
       Distracted        |       |       |     1 |     1 |     2 ||     4
Armor: Animal skin       |     9 |    16 |     2 |       |       ||    27
       Robe              |       |       |   109 |     8 |       ||   117
       Plate armour      |       |       |       |   212 |    98 ||   310
       Chain mail        |       |       |       |       |    94 ||    94
Dodge: Dodged            |    52 |    51 |   135 |   145 |   135 ||   518
Block: Buckler           |       |       |    86 |    24 |   139 ||   249
